 Dungeon Crawl Stone Soup version 0.32-a0-975-g85d4e5bfdb (webtiles) character file.

Game seed: 14530607969295873455

5469 Autsider the Slicer (level 10, -1/53 HPs)
             Began as a Vine Stalker Warper on Apr 18, 2024.
             Was a Follower of Uskayaw.
             Slain by an acid dragon (9 damage)
             ... on level 7 of the Dungeon.
             The game lasted 00:30:38 (8163 turns).

Autsider the Slicer (Vine Stalker Warper)           Turns: 8163, Time: 00:30:39

Health: -1/53      AC: -2    Str: 14    XL:     10   Next: 69%
Magic:  0/17       EV: 12    Int: 15    God:    Uskayaw [*.....]
Gold:   242        SH:  4    Dex: 16    Spells: 13/17 levels left

rFire   . . .        y - +2 dagger (protect)
rCold   . . .        E - +0 buckler
rNeg    . . .        s - +2 robe
rPois   .            r - +0 helmet
rElec   .            w - +2 cloak
rCorr   .            g - +0 pair of gloves
SInv    .            (no boots)
Will    +....        (no amulet)
Stlth   ++++         (no ring)
HPRegen 1.08/turn    (no ring)
MPRegen 0.15/turn

%: guardian spirit
@: corroded, slowed, very slow
A: fangs 3, regeneration 1, magic shield, antimagic bite, no potion heal 2
a: Renounce Religion, Stomp


You were on level 7 of the Dungeon.
You worshipped Uskayaw.
Uskayaw was noncommittal.
You visited 2 branches of the dungeon, and saw 9 of its levels.
You also visited: Ossuary.

You collected 342 gold pieces.
You spent 100 gold pieces at shops.

Inventory:

Hand Weapons
 y - a +2 dagger of protection (weapon)
Missiles
 d - 3 darts of dispersal (quivered)
 i - 4 curare-tipped darts
 v - 9 poisoned darts
 D - a throwing net
Armour
 g - a +0 pair of gloves (worn)
 r - a +0 helmet (worn)
 s - a +2 robe (worn)
 w - a +2 cloak (worn)
 E - a +0 buckler (worn)
Wands
 b - a wand of roots (8)
 q - a wand of polymorph (15)
 B - a wand of flame (26)
Scrolls
 a - 6 scrolls of enchant armour
 c - 4 scrolls of blinking
 j - 2 scrolls of teleportation {@r2}
 k - a scroll of silence
 l - 3 scrolls of fear
 m - 2 scrolls of torment
 p - 3 scrolls of fog
 t - 2 scrolls of immolation
 z - a scroll of identify {@r1}
Potions
 e - a potion of magic
 f - 4 potions of curing {@q1}
 h - a potion of attraction {unknown}
 n - a potion of experience {unknown}
 o - 2 potions of ambrosia
 u - a potion of cancellation {unknown}
 x - 2 potions of brilliance
 A - a potion of haste {unknown}
 C - 2 potions of mutation {unknown}


   Skills:
 + Level 5.8 Fighting
 + Level 9.8 Short Blades
 - Level 0.8 Throwing
 - Level 0.7 Armour
 + Level 4.8 Dodging
 + Level 8.5 Stealth
 + Level 1.7 Shields
 - Level 4.0 Spellcasting
 - Level 4.0 Translocations


You had 13 spell levels left.
You knew the following spells:

 Your Spells              Type           Power      Damage    Failure   Level
a - Lesser Beckoning      Tloc           30%        N/A       7%          2
z - Blink                 Tloc           30%        N/A       7%          2

Your spell library contained the following spells:

 Spells                   Type           Power      Damage    Failure   Level
 Apportation              Tloc           30%        N/A       4%          1
 Maxwell's Portable Pile  Tloc           15%        2d(6-18)  14%         3
 Teleport Other           Tloc           15%        N/A       14%         3
 Necrotise                Necr           12%        1d4       24%         1
 Sting                    Conj/Alch      12%        1d3       24%         1
 Summon Small Mammal      Summ           12%        N/A       24%         1
 Volatile Blastmotes      Fire/Tloc      18%        2d11      32%         3
 Iskenderun's Mystic Bla Conj/Tloc 9%             2d4        (+2d1     71%         4
 Vhi's Electric Charge    Tloc/Air       18%        N/A       71%         4
 Fulminant Prism          Conj/Alch      1%         3d5       94%         4
 Ignite Poison            Fire/Alch      3%         N/A       94%         4
 Sticky Flame             Fire/Alch      3%         2d4       94%         4
 Ignition                 Fire           1%         3d3       100%        8


Dungeon Overview and Level Annotations

Branches:
Dungeon (8/15)             Temple (1/1) D:7         Ossuary (visited)
   Lair: D:8-11

Altars:
Ashenzari
Dithmenos
Elyvilon
Fedhas
Gozag
Kikubaaqudgha
Makhleb
Nemelex Xobeh
Qazlal
Ru
Sif Muna
Trog
Uskayaw
Vehumet
Wu Jian
Xom
Yredelemnul
Zin
The Shining One

Shops:
D:3 ?   D:4 *   D:5 =

Annotations:
D:4 exclusion: 2 downstairs, Duvessa
D:5 3 runed translucent doors, ThePastor's ghost, novice DjFE
D:6 exclusion: downstairs
D:7 exclusion: downstairs


Innate Abilities, Weirdness & Mutations

You have razor-sharp teeth.
Your natural rate of healing is unusually fast.
When hurt, damage is shared between your health and your magic reserves.
Your bite disrupts and absorbs the magic of your enemies.
Potions cannot restore your health.


Message History

The curare-tipped dart hits you.
You are poisoned.
You have difficulty breathing.
* * * LOW HITPOINT WARNING * * *
You feel yourself slow down. The acid dragon bites you.
* * * LOW HITPOINT WARNING * * *
The acid dragon claws you.
* * * LOW HITPOINT WARNING * * *
You climb upwards.
Level annotation: exclusion: downstairs You feel extremely sick.
There is a stone staircase leading down here.
Your system rejects the healing.
You feel better. The acid dragon closely misses you.
You block the acid dragon's attack.
You hit the acid dragon but do no damage.
Your weapon exudes an aura of protection.
You block the acid dragon's attack. x2
Throw: 4 darts (disperse)
Press: ? - help, Shift-Dir - straight line, f - acid dragon
Aim: an acid dragon (59% to hit)
You throw a dart of dispersal.
The dart of dispersal closely misses the acid dragon.
The acid dragon bites you!
* * * LOW HITPOINT WARNING * * *
The acid dragon misses you.
Casting: Blink (safe; 7% risk of failure)
Confirm with . or Enter, or press ? or * to list all spells.
You blink.
There is an open door here.
There is a fountain of clear blue water here.
You feel ready to blink again. The acid dragon spits acid at you.
The splash of acid hits you!!
* * * LOW HITPOINT WARNING * * *
The acid corrodes you!
There is a staircase to the Ecumenical Temple here.
The acid dragon bites you!
You die...
Your body falls in perfect tune with the rhythm.

...#..........†........###.......
...##.........D.#......##........
..###..........##.........#...###
.## #..##÷.....÷#...).....#.....#
## #####......#................#
##...###'###........##..#
#.#.#.....#.........#...
###[#.⌠D⌠.#.............
##...+..@..+.............
#....#.⌠.⌠.#.........#...
##...#.....#........<.#..
###.###'###..........#..
##.[..##..............
#..........#...........
#..........#........##.
##.............#...##..
#...#............##...


You could see an acid dragon.

Vanquished Creatures
  Pikel (D:5)
  Prince Ribbit (D:5)
  9 yaks
  A steam dragon (D:7)
  Edmund (D:5)
  A water moccasin (D:7)
  2 sky beasts (D:7)
  2 ice beasts
  4 black bears
  An ogre (D:4)
  2 phantoms
  3 lemures (D:5)
  A centaur (D:7)
  A kobold brigand (D:6)
  3 elf zombies (Ossuary)
  4 bullfrogs
  4 scorpions
  3 wights (D:7)
  Dowan (D:5)
  A killer bee (D:7)
  3 howler monkeys (D:8)
  3 bombardier beetles
  4 centaur zombies (Ossuary)
  2 jellies
  3 human zombies (Ossuary)
  3 gnoll boudas
  An orc priest (D:5)
  Ijyb (D:5)
  Terence (D:2)
  A sleepcap (D:5)
  Natasha (thrice) (D:2)
  2 orc wizards (D:5)
  A bullfrog simulacrum (Ossuary)
  3 mummies (Ossuary)
  Robin (D:1)
  4 adders
  12 gnolls
  A shadow imp (D:5)
  2 white imps
  2 ufetubi (D:6)
  3 ribbon worms
  8 orcs
  4 ball pythons
  5 endoplasms
  6 giant cockroaches
  11 goblins
  10 hobgoblins
  3 quokkas
  4 bats
  5 frilled lizards
  7 kobolds
  4 rats
169 creatures vanquished.

Vanquished Creatures (collateral kills)
  A gnoll (D:7)
1 creature vanquished.

Grand Total: 170 creatures vanquished

Notes
Turn   | Place    | Note
-------+----------+-------------------------------------------
     0 | D:1      | Autsider the Vine Stalker Warper began the quest for the
                  | Orb.
     0 | D:1      | Reached XP level 1. HP: 11/11 MP: 4/4
   164 | D:1      | Reached XP level 2. HP: 15/15 MP: 6/6
   218 | D:1      | Reached skill level 2 in Short Blades
   223 | D:1      | Reached skill level 1 in Stealth
   869 | D:2      | Noticed Natasha
   885 | D:1      | Reached XP level 3. HP: 18/18 MP: 4/7
  1090 | D:2      | Found a faded altar of an unknown god.
  1121 | D:2      | Killed Natasha
  1122 | D:2      | Reached XP level 4. HP: 21/23 MP: 5/8
  1553 | D:2      | Noticed Natasha
  1717 | D:2      | Killed Natasha
  1718 | D:2      | Reached XP level 5. HP: 20/27 MP: 9/9
  1796 | D:2      | Noticed Natasha
  1796 | D:2      | Noticed Robin
  1867 | D:1      | Killed Robin
  2179 | D:2      | Killed Natasha
  2256 | D:2      | Noticed Terence
  2284 | D:2      | Killed Terence
  2285 | D:2      | Reached skill level 3 in Short Blades
  2587 | D:3      | Found a glowing silver altar of Zin.
  2675 | D:3      | Found Otrun's Magic Scroll Shop.
  2683 | D:3      | Bought a scroll of identify for 20 gold pieces
  2683 | D:3      | Bought a scroll of identify for 20 gold pieces
  2683 | D:3      | Bought a scroll of identify for 20 gold pieces
  2683 | D:3      | Bought a scroll of fog for 40 gold pieces
  3392 | D:4      | Reached XP level 6. HP: 32/32 MP: 10/10
  3615 | D:4      | Found Siatefex's General Store.
  3704 | D:4      | Learned a level 2 spell: Blink
  3707 | D:4      | Learned a level 2 spell: Lesser Beckoning
  3732 | D:4      | Found a blossoming altar of Fedhas.
  3997 | D:5      | Entered Level 5 of the Dungeon
  3997 | D:5      | Found Qoept's Jewellery Boutique.
  4003 | D:5      | Noticed Edmund
  4004 | D:5      | Noticed an ice beast
  4030 | D:5      | Noticed Duvessa
  4030 | D:5      | Noticed Dowan
  4030 | D:5      | Noticed a yak
  4030 | D:5      | Noticed a yak
  4030 | D:5      | Noticed a yak
  4030 | D:5      | Noticed a yak
  4113 | D:5      | Noticed a black bear
  4165 | D:5      | Reached XP level 7. HP: 36/36 MP: 11/11
  4473 | D:4      | Killed a yak
  4474 | D:4      | Reached skill level 4 in Short Blades
  4474 | D:4      | Reached skill level 5 in Stealth
  4541 | D:4      | Killed a yak
  4542 | D:4      | Gained mutation: You have razor-sharp teeth. [Vine Stalker
                  | growth]
  4542 | D:4      | Reached XP level 8. HP: 24/42 MP: 10/14
  4583 | D:4      | Killed a yak
  4610 | D:4      | Killed a yak
  4611 | D:4      | Reached skill level 5 in Short Blades
  4642 | D:5      | Killed Dowan
  4863 | D:5      | Found a basalt altar of Yredelemnul.
  4863 | D:5      | Found a burning altar of Makhleb.
  4946 | D:5      | Found a sparkling altar of Nemelex Xobeh.
  4976 | D:5      | Noticed Prince Ribbit
  4989 | D:5      | Reached skill level 6 in Short Blades
  5010 | D:5      | Killed Prince Ribbit
  5090 | D:5      | Reached skill level 7 in Short Blades
  5090 | D:5      | Reached XP level 9. HP: 37/45 MP: 16/16
  5107 | D:5      | Found a runed translucent gate.
  5107 | D:5      | Found a runed translucent gate.
  5110 | D:5      | Found a runed translucent gate.
  5112 | D:5      | Noticed ThePastor's ghost (novice DjFE)
  5161 | D:5      | Noticed Pikel
  5355 | D:5      | Noticed Ijyb
  5374 | D:5      | Killed Ijyb
  5491 | D:5      | Killed Pikel
  5492 | D:5      | Reached skill level 8 in Short Blades
  5691 | D:5      | Killed Edmund
  5985 | D:6      | Found a sand-covered staircase.
  5995 | Ossuary  | Entered an ossuary
  6062 | Ossuary  | Reached skill level 9 in Short Blades
  6563 | D:6      | Reached XP level 10. HP: 51/51 MP: 17/17
  7192 | D:7      | Reached skill level 5 in Fighting
  7342 | D:7      | Found a staircase to the Ecumenical Temple.
  7349 | Temple   | Entered the Ecumenical Temple
  7359 | Temple   | Became a worshipper of Uskayaw the Reveller
  7438 | D:7      | Reached * piety under Uskayaw
  7445 | D:7      | Reached ** piety under Uskayaw
  7467 | D:7      | Reached *** piety under Uskayaw
  7613 | D:7      | Reached **** piety under Uskayaw
  7664 | D:7      | Found a sacrificial altar of Ru.
  7715 | D:7      | Found a broken altar of Ashenzari.
  7889 | D:8      | Reached skill level 1 in Shields
  7896 | D:8      | Reached ***** piety under Uskayaw
  8163 | D:7      | Slain by an acid dragon

Illustrated notes

Levels and vault maps discovered:
D:1:      eino_arrival_cavern_b, layout_loops_cross
D:2:      layout_loops_corners, ebering_ecumenical_altar_rust,
          chequers_serial_rivers_small_b, grunt_ministairs_9,
          kennysheep_generic_room_8, uniq_robin, uniq_terence, uniq_natasha
D:3:      layout_basic, nicolae_overflow_crystal_walls, serial_shops, shop
D:4:      layout_gridville, fedhas_ov_isle_minmay, serial_shops,
          nicolae_shop_behind_doors, minmay_checkerbox
D:5:      layout_basic, gammafunk_temple_overflow_claw, serial_shops,
          nicolae_stop_n_shop_1, gammafunk_ghost_split,
          dreamdust_princess_corridor, hangedman_decor_growths,
          uniq_prince_ribbit1, uniq_edmund, uniq_duvessa, uniq_ijyb, uniq_pikel
D:6:      layout_loops_corners, mainiacjoe_ossuary_entry_dusty_tomb,
          kennysheep_doodads, hangedman_glass_teeth
D:7:      layout_cave_pools, mainiacjoe_overflow_alcove_2, old_standard_altar,
          minmay_temple_entry_hall
D:8:      layout_loops_ring, mainiacjoe_overflow_24_doors,
          hangedman_abyss_or_decor_lesser_grid, uniq_psyche
Temple:   hellmonk_temple_flake

Skill      XL: |  1  2  3  4  5  6  7  8  9 10 |
---------------+-------------------------------+-----
Fighting       | 2 3 4 5 |  5.8
Short Blades   | 2 3 4 7 9 |  9.8
Stealth        | 1 2 3 4 5 6 7 8 |  8.5
Dodging        | 2 3 4 |  4.8
Spellcasting   | 3 4 |  4.0
Translocations | 4 |  4.0
Shields        | 1 |  1.7
Throwing       | |  0.8
Armour         | |  0.7

Action                     |  1- 3 |  4- 6 |  7- 9 | 10-12 || total
---------------------------+-------+-------+-------+-------++-------
  Melee: Short sword       |    88 |   201 |       |       ||   289
         Bite              |    22 |    62 |   214 |   109 ||   407
         Unarmed           |    12 |    19 |       |       ||    31
         Dagger            |       |    13 |   513 |   301 ||   827
  Throw: Dart              |       |     7 |     4 |     1 ||    12
   Cast: Blink             |       |       |     2 |     1 ||     3
    Use: Scroll            |       |     7 |     5 |     2 ||    14
         Potion            |       |       |       |     2 ||     2
   Stab: Sleeping          |       |     9 |     4 |     4 ||    17
         Paralysed         |       |       |       |     6 ||     6
         Distracted        |       |       |       |     1 ||     1
 Armour: Leather armour    |    51 |    81 |    64 |       ||   196
         Skin              |     1 |    35 |       |       ||    36
         Robe              |       |       |   171 |   162 ||   333
  Dodge: Dodged            |    51 |   116 |   216 |   122 ||   505
  Block: Buckler           |       |       |       |    23 ||    23

Table legend: (Time is in decaauts)
 A = Elapsed time spent in this place.
 B = Non-inter-level travel time spent in this place.
 C = Inter-level travel time spent in this place.
 D = Time resting spent in this place.
 E = Time spent auto-exploring this place.
 F = Levels seen in this place.
 G = Mean time per level.
                   A        B        C        D        E       F      G
               +--------+--------+--------+--------+--------+-----+--------+
         Total |   7822 |   7283 |    539 |    734 |   3978 |  10 |  782.2 |
       Dungeon |   7603 |   7073 |    530 |    734 |   3966 |   8 |  950.4 |
        Temple |     20 |     11 |      9 |      0 |      0 |   1 |   20.0 |
       Ossuary |    197 |    197 |      0 |      0 |     12 |   1 |  197.0 |
               +--------+--------+--------+--------+--------+-----+--------+

Top non-repeatable levels by time:
     D:5: 1558 daAuts
     D:2: 1349 daAuts
     D:1: 1083 daAuts
     D:4: 1000 daAuts
     D:6: 900 daAuts
     D:3: 823 daAuts
     D:7: 800 daAuts
 Ossuary: 197 daAuts
     D:8: 87 daAuts
  Temple: 20 daAuts
